Map: [ESL] Alcyone

Players

MarsBar

  • Race: Zerg Zerg
  • Spawn Location: 1:00

GuMiho - Winner!

  • Race: Terran Terran
  • Spawn Location: 7:00

Event: ESL Spring 2024 Finals

VOD

Have the link to the VOD?

Description

Time

  • Played on: May 31, 2024, 11:31 a.m.
  • Length: 7:50

All games in this series

Show
View Real Time Build Order
Export as new Build Order

MarsBar Zerg 

Build Orders: Pool First 

Get SALT Encoding   

  12  0:00  Drone  
  13  0:12  Overlord  
  13  0:17  Drone  
  14  0:30  Drone x2  
  16  0:39  Drone  
  16  0:40  Extractor  
  16  0:47  Drone  
  17  0:50  Spawning Pool  
  17  0:57  Drone  
  17  1:18  Hatchery  
  16  1:22  Drone  
  17  1:37  Zergling x4  
  17  1:39  Zergling x2  
  20  1:43  Metabolic Boost  
  20  1:56  Roach Warren  
  19  2:07  Overlord  
  19  2:09  Overlord  
  19  2:30  Queen  
  19  2:36  Roach x2  
  19  2:37  Roach  
  27  2:38  Zergling x2  
  25  2:52  Zergling x6  
  28  2:59  Ravager  
  28  3:04  Zergling x4  
  30  3:18  Zergling x4  
  31  3:20  Ravager  
  30  3:27  Zergling x4  
  31  3:37  Zergling x4  
  31  3:38  Queen  
  34  3:56  Ravager  
  32  4:04  Zergling x10  
  33  4:24  Zergling x10  
  28  4:43  Zergling x6  
  29  4:54  Queen  
  29  4:56  Drone  
  31  5:11  Drone  
  31  5:12  Drone x4  
  36  5:24  Drone x2  
  36  5:25  Drone x2  
  36  5:34  Drone x3  
  37  5:42  Drone x3  
  40  5:54  Drone x2  
  40  5:55  Drone  
  42  6:09  Drone x2, Evolution Chamber  
  42  6:10  Evolution Chamber  
  42  6:11  Hatchery  
  41  6:23  Overlord  
  41  6:24  Overlord  
  41  6:25  Lair  
  41  6:41  Extractor  
  41  6:43  Drone x3  
  43  6:55  Roach x6  
  55  7:04  Roach  
  55  7:07  Zergling x6  
  59  7:15  Overlord  
  59  7:17  Overlord  
  58  7:27  Overlord  
  58  7:28  Overlord  
Show
View Real Time Build Order
Export as new Build Order

GuMiho Terran - Winner!

Build Orders:  

Get SALT Encoding   

  12  0:00  SCV  
  13  0:12  SCV  
  14  0:17  Supply Depot  
  14  0:24  SCV  
  15  0:38  SCV  
  15  0:40  Barracks  
  16  0:43  Refinery  
  16  0:51  SCV  
  17  0:59  Barracks  
  17  1:03  SCV  
  18  1:15  SCV  
  19  1:27  Orbital Command, Reaper  
  20  1:34  Supply Depot  
  20  1:45  Reaper  
  21  1:53  SCV  
  22  2:03  Reaper  
  22  2:05  SCV  
  24  2:11  Command Center  
  24  2:17  SCV  
  24  2:20  Reaper  
  26  2:29  SCV  
  27  2:43  SCV  
  28  2:50  Command Center  
  28  2:54  Reaper  
  28  2:55  SCV  
  30  3:02  Barracks Tech Lab  
  29  3:07  SCV  
  29  3:09  Refinery, Bunker  
  29  3:21  Marine  
  29  3:26  Marine  
  31  3:36  Concussive Shells  
  31  3:40  Barracks  
  31  3:49  Marine  
  31  3:50  SCV, Marauder  
  35  4:01  Orbital Command  
  34  4:04  SCV  
  34  4:07  Marine  
  36  4:11  Marauder  
  36  4:16  SCV  
  37  4:19  Stimpack  
  35  4:25  Marine  
  35  4:28  SCV  
  37  4:33  Marauder  
  38  4:41  Bunker  
  38  4:43  SCV, Marine  
  38  4:45  SCV  
  35  4:54  Marauder  
  35  4:55  SCV  
  35  4:57  SCV  
  35  4:58  Barracks Reactor  
  35  4:59  Orbital Command  
  36  5:00  Marine  
  37  5:07  SCV  
  37  5:08  Factory  
  37  5:09  SCV  
  39  5:15  Marauder  
  39  5:20  SCV  
  44  5:21  SCV  
  43  5:32  SCV  
  43  5:33  SCV  
  44  5:35  Marine, Barracks Reactor  
  44  5:36  Marine  
  44  5:37  SCV, Marauder  
  44  5:40  Supply Depot  
  49  5:44  SCV  
  49  5:45  SCV  
  52  5:53  Orbital Command  
  52  5:55  Starport, Marine x2, Factory Reactor  
  52  5:56  SCV  
  54  5:57  SCV  
  54  5:58  Marauder  
  54  5:59  Combat Shield, Refinery  
  54  6:01  Refinery  
  54  6:04  Engineering Bay x2  
  57  6:08  SCV  
  57  6:09  SCV  
  59  6:18  Marine x3  
  59  6:19  Marine, Marauder  
  59  6:20  SCV x2  
  59  6:21  SCV  
  68  6:32  SCV  
  69  6:36  Barracks x2, Factory Tech Lab  
  69  6:38  Supply Depot  
  69  6:40  SCV  
  69  6:41  Supply Depot, Marine x3  
  75  6:47  Medivac  
  75  6:50  Medivac  
  77  6:56  SCV x2  
  77  6:57  SCV  
  77  6:59  Supply Depot  
  77  7:01  Marine, Marauder  
  82  7:02  Marine  
  82  7:05  Marine  
  87  7:08  SCV x2  
  87  7:09  SCV  
  87  7:15  Supply Depot  
  88  7:16  Supply Depot  
  88  7:20  SCV, Medivac  
  88  7:21  SCV  
  88  7:22  SCV  
  95  7:32  Armory, Barracks Reactor x2  
Tags
 
Add a new tag
Caveats
  • Supply blocks, unpowered buildings, or Contaminate may cause inaccurate times.
  • Supply counts are checked every 10 seconds.